Kradschützen Motorcycle Team
Construct Light Support Kompanie
Selects Defensive Operations
le.IG 18 Mechanized Group
le.IG 18 Support Gun Team
Construct Mechanized Kompanie
Selects Registered Artillery
Marder III Tank Destroyer
le.IG 18 Mechanized Group
Marder III Tank Destroyer
Selects Prepared Positions
Construct Panzerarmee Kommand
Flak 36 Anti-tank Gun Team
Selects Towed Cannone da 105/28 Field Howitzer
Flak 36 Anti-tank Gun Team
Towed Cannone da 105/28 Field Howitzer
Selects Obice 305mm Barrage
Towed Cannone da 105/28 Field Howitzer
Panzerjäger Mechanized Group